 Dungeon Crawl Stone Soup version 0.29.0-11-gd7f09526c8 (webtiles) character file.

Game seed: 15307178198815426259

7 DoubleLucky the Caller (level 2, 0/15 HPs)
             Began as a Tengu Summoner on Sept 3, 2022.
             Slain by a hobgoblin (3 damage)
             ... on level 1 of the Dungeon.
             The game lasted 00:01:11 (157 turns).

DoubleLucky the Caller (Tengu Summoner)              Turns: 157, Time: 00:01:12

Health: 0/15       AC:  2    Str:  8    XL:     2   Next: 4%
Magic:  0/6        EV: 12    Int: 15    God:
Gold:   0          SH:  0    Dex: 14    Spells: 5/6 levels left

rFire   . . .      SeeInvis .   e - +0 club
rCold   . . .      Faith    .   (no shield)
rNeg    . . .      Spirit   .   a - +0 robe
rPois   .          Reflect  .   (helmet restricted)
rElec   .          Harm     .   (no cloak)
rCorr   .          Rampage  .   (no gloves)
Will    .....                   (boots unavailable)
Stlth   ++........              (no amulet)
HPRegen 0.05/turn               (no ring)
MPRegen 0.10/turn               (no ring)

@: no status effects
A: beak, talons 3
a: no special abilities


You were on level 1 of the Dungeon.
You visited 1 branch of the dungeon, and saw 1 of its levels.

Inventory:

Hand Weapons
 e - a +0 club (weapon)
Armour
 a - a +0 robe (worn)
Scrolls
 c - a scroll of identify {unknown}
Potions
 b - a potion of magic
 d - a potion of ambrosia {unknown}


   Skills:
 - Level 2.1 Dodging
 - Level 2.0 Stealth
 + Level 2.6 Spellcasting
 - Level 4.8 Summonings


You had 5 spell levels left.
You knew the following spells:

 Your Spells              Type           Power      Damage    Failure   Level
a - Summon Small Mammal   Summ           64%        N/A       3%          1

Your spell library contained the following spells:

 Spells                   Type           Power      Damage    Failure   Level
 Call Imp                 Summ           16%        N/A       4%          2
 Call Canine Familiar     Summ           16%        N/A       9%          3
 Summon Guardian Golem    Hex/Summ       9%         N/A       24%         3
 Summon Lightning Spire   Summ/Air       9%         N/A       61%         4


Dungeon Overview and Level Annotations

Branches:
Dungeon (1/15)

Altars:


Innate Abilities, Weirdness & Mutations

You have a beak for a mouth.
You have claws for feet.


Message History

Your quokka bites the ball python.
The ball python bites your quokka but does no damage.
The ball python constricts your quokka.
Casting: Summon Small Mammal (safe; 3% risk of failure)
Confirm with . or Enter, or press ? or * to list all spells.
Your quokka barely misses the ball python.
The ball python bites your quokka. The ball python constricts your quokka.
Your quokka bites the ball python.
The ball python dies!
Your quokka bites the kobold.
The kobold misses your quokka.
Your quokka bites the kobold.
The kobold dies!
You have reached level 2!
Your quokka barely misses the hobgoblin.
The hobgoblin hits your quokka.
Your quokka dies!
Your quokka's corpse disappears in a puff of smoke!
Your bat hits the hobgoblin but does no damage.
The hobgoblin closely misses your bat.
Your bat hits the hobgoblin but does no damage.
Your bat completely misses the hobgoblin.
Your bat barely misses the hobgoblin.
Casting: Summon Small Mammal (safe; 3% risk of failure)
Confirm with . or Enter, or press ? or * to list all spells.
Your bat closely misses the hobgoblin.
Your bat barely misses the hobgoblin.
Your bat hits the hobgoblin. Your bat misses the hobgoblin.
Casting: Summon Small Mammal (safe; 3% risk of failure)
Confirm with . or Enter, or press ? or * to list all spells.
Your bat disappears in a puff of smoke!
Your bat hits the hobgoblin but does no damage.
Your bat hits the hobgoblin but does no damage.
You closely miss the hobgoblin. Your kick misses the hobgoblin.
The hobgoblin is moderately wounded.
Your bat hits the hobgoblin but does no damage.
The hobgoblin hits you.
* * * LOW HITPOINT WARNING * * *
Your quokka bites the hobgoblin but does no damage.
The hobgoblin hits you.
You die...

#.........#####
#.........#
#.........########
#.................
#...>.....########
#.....b...# #......g..#
###### #####.rg#####
♣♣....♣♣ #...@....#
.......♣♣## #........###
..........♣######......#
♣#'''#♣♣...[.♣♣♣######.#
##...###♣♣.............#
.......# ♣♣♣.........###
..8.8..####♣♣♣......♣#
.......#..###♣......♣
.8...8.#....#♣♣....♣♣


You could see 2 hobgoblins, a friendly quokka (summoned) and a friendly bat
(summoned).

Vanquished Creatures
  A goblin (D:1)
  A rat (D:1)
2 creatures vanquished.

Vanquished Creatures (collateral kills)
  A ball python (D:1)
  A hobgoblin (D:1)
  A kobold (D:1)
  A frilled lizard (D:1)
  A rat (D:1)
5 creatures vanquished.

Grand Total: 7 creatures vanquished

Notes
Turn   | Place    | Note
-------+----------+-------------------------------------------
     0 | D:1      | DoubleLucky the Tengu Summoner began the quest for the Orb.
     0 | D:1      | Reached XP level 1. HP: 10/10 MP: 4/4
   137 | D:1      | Reached XP level 2. HP: 4/15 MP: 0/6
   157 | D:1      | Slain by a hobgoblin

Illustrated notes

Levels and vault maps discovered:
D:1:      sevenhm_arrival_forest_fort_large_2, layout_rooms,
          ebering_ecumenical_altar_box, kennysheep_decorative_pillar

Action                   || total
-------------------------++-------
Melee: Unarmed           ||     3
       Kick              ||     2
       Club              ||     2
       Peck              ||     1
 Cast: Summon Small Mamm ||    10
 Stab: Distracted        ||     1
Dodge: Dodged            ||     3
